Selects Australian Defense Battlegroup
Selects Australian Light Infantry Section
Australian Light Infantry Section
Australian Light Infantry Section
Construct Field Infirmary
Construct Section Command Post
Selects CMP 15cwt Supply Run
Construct Platoon Command Post
Unlock Bishop Self-propelled Artillery
Selects Artillery Trip Wire Flares
Bishop Self-propelled Artillery
Selects Defensive Tactics
Australian Light Infantry Section
Construct Company Command Post
Selects Charged Creeping Barrage